[Event "Czech Youth U16 Boys 2024"]
[Site "Kouty nad Desnou"]
[Date "2024.03.16"]
[Round "9.11"]
[White "Tegda, Vojtech"]
[Black "Hozda, Max"]
[Result "0-1"]
[ECO "B62"]
[WhiteElo "1936"]
[BlackElo "2032"]
[Annotator "NA RC"]
[PlyCount "100"]
[EventDate "2024.03.10"]
[EventType "swiss"]
[EventCountry "CZE"]
[SourceTitle "playchess.com"]
[Source "ChessBase"]
[SourceQuality "1"]
[TimeControl "40/5400+30:1800+30"]

1. e4 c5 2. Nf3 e6 3. d4 cxd4 4. Nxd4 Nf6 5. Nc3 Nc6 6. Bg5 d6 7. Ndb5 a6 8. Bxf6 gxf6 9. Nd4 Be7 {[%emt 0:12:12] B45: Sicilian Four Knights.} 10. Be2 O-O 11. h4 Kh8 12. g4 Rg8 13. Qd2 Bd7 14. O-O-O b5 15. Rdg1 Qb6 16. Nxc6 Bxc6 17. Bd3 b4 18. Nd1 d5 19. f3 Rac8 (19... Rad8 $17 20. Qe2 Qd4 21. exd5 Qxd5 (21... Rxd5 22. Rf1 $17)) 20. Qh6 Rg6 21. Qh5 dxe4 22. fxe4 Bb5 23. Bxb5 axb5 24. Kb1 Qa6 25. Rh3 Ra8 26. g5 Qxa2+ 27. Kc1 Rd8 28. Rd3 $19 Rxd3 29. cxd3 Qb3 30. Qf3 Rg8 31. gxf6 Rc8+ 32. Kd2 Bf8 33. Qg3 Bh6+ 34. Ke1 Qc2 35. Rg2 Qc5 36. Qf2 Qe5 37. Qa7 Qxf6 38. Rf2 Bf4 39. Qe3 Bxe3 40. Rxf6 Kg7 41. Rf3 Bd4 42. Rg3+ Kh6 43. Rg5 Rc5 44. Rg2 Kh5 45. Kd2 b3 46. Ne3 Bxb2 47. Rg1 Bc3+ 48. Ke2 Bd4 49. Rb1 b2 50. Kd2 Rc1 0-1

[Event "Czech Youth U16 Boys 2024"]
[Site "Kouty nad Desnou"]
[Date "2024.03.16"]
[Round "9.12"]
[White "Zelba, Lukas"]
[Black "Dvorak, Jan"]
[Result "1-0"]
[ECO "C01"]
[WhiteElo "1979"]
[BlackElo "2154"]
[Annotator "RC"]
[PlyCount "95"]
[EventDate "2024.03.10"]
[EventType "swiss"]
[EventCountry "CZE"]
[SourceTitle "playchess.com"]
[Source "ChessBase"]
[SourceQuality "1"]
[TimeControl "40/5400+30:1800+30"]

1. e4 e6 2. d4 d5 3. exd5 exd5 4. Bd3 Nc6 5. Ne2 Bd6 6. Nbc3 Nge7 7. Be3 a6 8. Qd2 Nb4 9. Nf4 Bxf4 10. Bxf4 Nxd3+ 11. Qxd3 Bf5 12. Qg3 Ng6 13. Bxc7 Qe7+ 14. Qe3 Qxe3+ 15. fxe3 Rc8 16. Bg3 Bxc2 17. Kd2 Be4 18. Rac1 O-O 19. Nxe4 dxe4 20. Rc3 Rxc3 21. bxc3 f5 22. Rb1 Rf7 23. c4 Rd7 24. Kc3 Ne7 25. a4 g5 26. d5 Ng6 27. Kd4 Kf7 28. c5 Ne7 29. Bd6 Nc8 30. Ke5 Kg6 31. a5 h5 32. g3 g4 33. Bb8 Re7+ 34. Kd4 Rd7 35. d6 Kf6 36. Kc4 Ke6 37. Bc7 Na7 38. Rxb7 Nc6 39. Rb6 Ne5+ 40. Kc3 Kd5 41. Rxa6 Kxc5 42. Ra8 Nc4 43. Rd8 Rxd8 44. Bxd8 Ne5 45. a6 Kc6 46. Bf6 Nd7 47. Bd4 f4 48. exf4 1-0